 Dungeon Crawl Stone Soup version 0.28-a0-1389-gc726bef33b (webtiles) character file.

Game seed: 10350779918445867847

220 Grim the Cudgeller (level 5, -1/67 HPs)
             Began as a Minotaur Berserker on Jan 3, 2022.
             Was a Believer of Trog.
             Slain by a gnoll (2 damage)
             ... on level 3 of the Dungeon.
             The game lasted 00:02:35 (2725 turns).

Grim the Cudgeller (Minotaur Berserker)             Turns: 2725, Time: 00:02:36

Health: -1/67      AC:  8    Str: 21    XL:     5   Next: 64%
Magic:  4/4        EV:  8    Int:  6    God:    Trog [**....]
Gold:   95         SH:  0    Dex: 10    Spells: 4/4 levels left

rFire   . . .      SeeInvis .   a - +0 mace
rCold   . . .      Faith    .   (no shield)
rNeg    . . .      Spirit   .   d - +0 chain mail
rPois   .          Reflect  .   (helmet restricted)
rElec   .          Harm     .   (no cloak)
rCorr   .          Rampage  .   (no gloves)
Will    .....                   (no boots)
Stlth   ..........              (no amulet)
HPRegen 0.21/turn               (no ring)
MPRegen 0.09/turn               (no ring)

@: berserking, very quick
A: horns 2, retaliatory headbutt
a: Renounce Religion, Berserk, Trog's Hand


You were on level 3 of the Dungeon.
You worshipped Trog.
Trog was pleased with you.
You visited 1 branch of the dungeon, and saw 3 of its levels.

You collected 95 gold pieces.

Inventory:

Hand Weapons
 a - a +0 mace (weapon)
Missiles
 j - 5 curare-tipped darts (quivered)
 l - a boomerang
Armour
 b - a +0 animal skin
 d - a +0 chain mail (worn)
Scrolls
 c - a scroll of fear {unknown}
 e - a scroll of torment {unknown}
 h - a scroll of identify {unknown}
 i - a scroll of silence {unknown}
 k - a scroll of vulnerability {unknown}
Potions
 f - a potion of lignification {unknown}
 g - 2 potions of degeneration {unknown}


   Skills:
 - Level 3.6 Fighting
 + Level 7.8 Maces & Flails
 - Level 2.4 Armour
 - Level 2.1 Dodging


You had 4 spell levels left.
You didn't know any spells.
Your spell library was empty.

Dungeon Overview and Level Annotations

Branches:
Dungeon (3/15)

Altars:
Dithmenos

Shops:
D:2 (


Innate Abilities, Weirdness & Mutations

You have a pair of horns on your head.
You reflexively headbutt those who attack you in melee.


Message History

Found a book of Touch.
The gnoll shouts! x2
The gnoll hits you from afar with a +0 spear.
The gnoll closely misses you. The gnoll hits you but does no damage.
You hit the gnoll. You headbutt the gnoll!
You kill the gnoll!
Trog accepts your kill. The gnoll closely misses you.
You closely miss the gnoll. You headbutt the gnoll.
The gnoll is heavily wounded.
The gnoll closely misses you. The gnoll hits you with a +0 club!
You closely miss the gnoll.
The gnoll is heavily wounded.
The gnoll hits you from afar with a +0 halberd!
* * * LOW HITPOINT WARNING * * *
The gnoll hits you with a +0 club.
* * * LOW HITPOINT WARNING * * *
You are too injured to fight recklessly!
You are too injured to fight recklessly!
A red film seems to cover your vision as you go berserk!
You feel yourself moving faster!
You feel mighty! The gnoll hits you but does no damage.
The gnoll hits you with a +0 flail.
* * * LOW HITPOINT WARNING * * *
The gnoll closely misses you. You furiously retaliate!
You headbutt the gnoll.
Okay, then.
You are too injured to fight recklessly!
You are too injured to fight recklessly!
You closely miss the gnoll.
The gnoll hits you from afar with a +0 halberd!
* * * LOW HITPOINT WARNING * * *
You closely miss the gnoll. You headbutt the gnoll.
The gnoll is heavily wounded.
The gnoll hits you with a +0 club.
* * * LOW HITPOINT WARNING * * *
The gnoll hits you with a +0 flail!
* * * LOW HITPOINT WARNING * * *
You barely miss the gnoll.
The gnoll is heavily wounded.
The gnoll barely misses you. The gnoll hits you with a +0 club.
You die...

#.........^...#
#.......
#.#####.......#
#....... #.#
#.......#
#....... #.#
#.......#
#....... #.#
#.......#
#....... #.#
#.......#
#.......
##.#####.......#
#..............#
########@g....:#
#.g.....#
#.g.....#
#....$..#
##....### ....#
##### ########


You could see 3 gnolls.

Vanquished Creatures
  Natasha (twice) (D:3)
  An orc wizard (D:3)
  4 gnolls (D:3)
  4 adders
  2 dart slugs
  2 orcs (D:3)
  8 endoplasms
  6 giant cockroaches
  5 goblins
  3 hobgoblins
  2 jackals (D:2)
  2 quokkas
  10 ball pythons
  4 bats
  3 frilled lizards
  5 kobolds
  4 rats
67 creatures vanquished.

Notes
Turn   | Place    | Note
-------+----------+-------------------------------------------
     0 | D:1      | Grim the Minotaur Berserker began the quest for the Orb.
     0 | D:1      | Reached XP level 1. HP: 19/19 MP: 0/0
   122 | D:1      | Reached skill level 4 in Maces & Flails
   154 | D:1      | Reached XP level 2. HP: 22/26 MP: 1/1
   456 | D:1      | Found a faded altar of an unknown god.
   576 | D:1      | Reached skill level 5 in Maces & Flails
   607 | D:1      | Reached ** piety under Trog
   608 | D:1      | Reached XP level 3. HP: 31/31 MP: 2/2
  1150 | D:2      | Found a shadowy altar of Dithmenos.
  1346 | D:2      | Found Yschet's Weapon Emporium.
  1583 | D:2      | Reached skill level 6 in Maces & Flails
  1583 | D:2      | Reached XP level 4. HP: 35/39 MP: 3/3
  1901 | D:3      | Noticed Natasha
  1909 | D:3      | Killed Natasha
  1910 | D:3      | Reached skill level 7 in Maces & Flails
  1910 | D:3      | Reached XP level 5. HP: 26/45 MP: 4/4
  2175 | D:3      | Noticed Natasha
  2185 | D:3      | Killed Natasha
  2724 | D:3      | HP: 1/67 [gnoll (10)]
  2725 | D:3      | Slain by a gnoll

Illustrated notes

Levels and vault maps discovered:
D:1:      amcnicky_arrival_feature_with_door, layout_basic,
          nicolae_ecumenical_lake_church
D:2:      layout_basic, basic_altar, serial_shops, shop
D:3:      layout_basic, uniq_natasha

Skill      XL: |  1  2  3  4 |
---------------+-------------+-----
Maces & Flails | 4 5 6 7 |  7.8
Fighting       | |  3.6
Armour         | |  2.4
Dodging        | |  2.1

Action                   |  1- 3 |  4- 6 || total
-------------------------+-------+-------++-------
Melee: Mace              |    95 |    57 ||   152
       Headbutt          |    11 |    14 ||    25
Invok: Berserk           |       |     2 ||     2
       Trog's Hand       |       |     1 ||     1
Armor: Animal skin       |    11 |       ||    11
       Chain mail        |    25 |    22 ||    47
Dodge: Dodged            |    61 |    25 ||    86

Table legend: (Time is in decaauts)
 A = Elapsed time spent in this place.
 B = Non-inter-level travel time spent in this place.
 C = Inter-level travel time spent in this place.
 D = Time resting spent in this place.
 E = Time spent auto-exploring this place.
 F = Levels seen in this place.
 G = Mean time per level.
                   A        B        C        D        E       F      G
               +--------+--------+--------+--------+--------+-----+--------+
         Total |   2750 |   2716 |     34 |    278 |   2042 |   3 |  916.7 |
       Dungeon |   2750 |   2716 |     34 |    278 |   2042 |   3 |  916.7 |
               +--------+--------+--------+--------+--------+-----+--------+

Top non-repeatable levels by time:
     D:3: 974 daAuts
     D:1: 960 daAuts
     D:2: 816 daAuts
